Map: Golden Wall LE

Players

SortOf - Winner!

  • Race: Zerg Zerg
  • League: Master
  • Spawn Location: 5:00

Hurricane

  • Race: Protoss Protoss
  • Spawn Location: 7:00

Event: War Chest Team League

VOD

Have the link to the VOD?

Description

Time

  • Played on: Aug. 14, 2020, 10:26 a.m.
  • Length: 12:07
Show
View Real Time Build Order
Export as new Build Order

SortOf Zerg - Winner!

Build Orders: Hatch First 

Get SALT Encoding   

  12  0:00  Drone  
  13  0:12  Overlord  
  13  0:17  Drone  
  14  0:31  Drone x2  
  16  0:49  Hatchery  
  15  0:52  Drone  
  16  0:58  Drone  
  16  1:00  Drone  
  18  1:11  Extractor  
  17  1:15  Spawning Pool  
  16  1:19  Drone  
  16  1:23  Drone  
  18  1:28  Drone  
  19  1:39  Drone  
  20  1:53  Hatchery, Drone  
  20  2:01  Queen  
  20  2:05  Zergling x2  
  23  2:09  Drone  
  23  2:12  Drone  
  25  2:19  Overlord  
  25  2:25  Drone x2  
  27  2:35  Zergling x2  
  27  2:37  Queen  
  28  2:39  Drone  
  31  2:44  Queen  
  31  2:49  Drone  
  34  2:51  Metabolic Boost  
  34  2:56  Drone  
  34  2:57  Drone  
  35  3:05  Overlord  
  35  3:07  Queen  
  35  3:11  Drone  
  38  3:15  Drone  
  38  3:18  Drone x2  
  41  3:25  Overlord  
  41  3:28  Overlord  
  41  3:30  Spore Crawler  
  40  3:36  Overlord  
  40  3:38  Drone x3  
  40  3:40  Drone  
  44  3:42  Drone  
  45  3:49  Drone x4  
  45  3:52  Overlord  
  45  3:55  Drone x2  
  51  3:58  Spore Crawler  
  51  4:00  Drone  
  51  4:02  Drone  
  52  4:05  Drone  
  52  4:08  Drone  
  52  4:09  Drone  
  55  4:10  Spore Crawler  
  55  4:14  Zergling x6  
  57  4:18  Queen  
  57  4:20  Drone  
  57  4:22  Drone  
  57  4:24  Drone x2  
  63  4:33  Drone x2  
  63  4:36  Extractor, Roach Warren, Drone x3  
  63  4:38  Drone  
  67  4:41  Overlord  
  67  4:44  Lair  
  67  4:48  Drone x3  
  67  4:50  Extractor, Drone  
  70  4:53  Drone x3  
  70  4:56  Overlord  
  70  4:58  Zergling x2  
  70  4:59  Overlord  
  74  5:01  Zergling x4  
  75  5:08  Queen x2  
  75  5:10  Drone x2  
  75  5:13  Overlord  
  81  5:17  Drone  
  81  5:18  Extractor  
  81  5:21  Roach x4  
  89  5:26  Drone  
  90  5:33  Roach  
  90  5:34  Roach  
  94  5:36  Hatchery  
  94  5:38  Roach x2  
  94  5:39  Extractor, Evolution Chamber  
  97  5:43  Roach x3  
  97  5:48  Roach x3  
  105  5:54  Roach  
  105  5:56  Roach  
  105  5:58  Roach  
  105  6:00  Overlord  
  102  6:12  Drone x4  
  102  6:13  Glial Reconstitution  
  102  6:18  Drone  
  106  6:19  Baneling Nest  
  106  6:21  Zergling x12  
  111  6:30  Drone x3  
  113  6:40  Drone  
  113  6:42  Overlord  
  113  6:46  Overlord  
  112  6:51  Extractor, Overlord  
  112  6:53  Drone x2  
  108  6:55  Drone x2  
  108  7:01  Drone x4  
  112  7:02  Drone x3  
  112  7:06  Zerg Melee Weapons Level 1, Centrifical Hooks  
  107  7:09  Drone x6  
  113  7:16  Evolution Chamber  
  113  7:21  Zergling x8  
  113  7:22  Overseer  
  116  7:27  Overseer  
  116  7:29  Overlord  
  117  7:30  Drone x7  
  117  7:32  Spore Crawler  
  117  7:33  Extractor  
  117  7:34  Zergling x4  
  123  7:43  Drone x2  
  125  7:45  Zergling x8  
  125  7:46  Ravager  
  125  7:47  Ravager x8  
  138  7:55  Overlord  
  138  7:57  Zergling x4, Roach  
  138  7:58  Zergling x8, Roach  
  148  8:02  Baneling x8  
  148  8:05  Drone x2  
  149  8:06  Overlord  
  149  8:07  Overlord  
  149  8:08  Overlord x2  
  149  8:10  Zergling x4  
  149  8:12  Baneling x7  
  151  8:17  Zergling x2  
  151  8:24  Zergling x12  
  157  8:29  Zergling x12  
  157  8:30  Zergling x2  
  157  8:31  Baneling x5  
  157  8:32  Baneling x2  
  164  8:34  Zerg Missile Weapons Level 1  
  164  8:37  Zergling x8  
  167  8:41  Zergling x6  
  167  8:43  Baneling x5  
  167  8:45  Baneling x6  
  170  8:50  Zergling x6  
  173  8:59  Zergling x18  
  182  9:04  Zerg Melee Weapons Level 2  
  182  9:05  Baneling  
  182  9:06  Baneling x10  
  181  9:13  Overlord  
  178  9:18  Zergling x12  
  181  9:26  Zergling x14  
  185  9:32  Zergling x8  
  185  9:34  Baneling x18  
  185  9:38  Zergling x4  
  188  9:44  Spine Crawler x2  
  188  9:45  Zergling x4  
  188  9:46  Baneling  
  165  10:00  Zergling x16  
  160  10:08  Zergling x12  
  162  10:16  Hatchery  
  162  10:17  Zergling x8  
  162  10:18  Infestation Pit  
  162  10:19  Baneling x11  
  162  10:21  Ravager x6  
  170  10:22  Baneling x6  
  170  10:23  Baneling  
  170  10:26  Zergling x8  
  174  10:29  Overseer  
  174  10:33  Zergling x12  
  180  10:37  Baneling  
  180  10:39  Baneling x10  
  180  10:41  Zergling x6  
  180  10:42  Overlord  
  180  10:47  Zergling x6  
  183  10:51  Baneling x5, Spine Crawler  
  183  10:52  Baneling  
  183  10:53  Baneling x5  
  183  10:55  Zergling x2  
  183  10:56  Overlord  
  183  11:02  Overlord  
  183  11:03  Baneling  
  183  11:04  Baneling x6  
  173  11:14  Zergling x26  
  174  11:21  Zergling x8  
  165  11:25  Zergling x4  
  165  11:28  Zergling x10  
  155  11:33  Zergling x2  
  155  11:35  Zergling x6  
  155  11:38  Zergling x4  
  155  11:43  Zergling x2  
  149  11:47  Zergling x2  
  149  11:48  Zergling x2  
Show
View Real Time Build Order
Export as new Build Order

Hurricane Protoss 

Build Orders: 1 Gate Expand, Oracle Opening, Phoenix Opening, Archon Immortal 

Get SALT Encoding   

  12  0:00  Probe  
  13  0:12  Probe  
  14  0:20  Pylon  
  14  0:24  Probe  
  15  0:38  Probe (Chrono Boost)  
  15  0:39  Gateway  
  16  0:47  Probe (Chrono Boost)  
  16  0:49  Assimilator  
  17  0:52  Probe (Chrono Boost)  
  19  1:04  Probe  
  19  1:16  Probe  
  20  1:25  Nexus  
  20  1:34  Cybernetics Core  
  20  1:38  Probe  
  21  1:46  Assimilator  
  21  1:50  Probe  
  22  1:56  Pylon  
  22  2:02  Probe  
  23  2:12  Adept (Chrono Boost)  
  23  2:14  Probe  
  26  2:22  Stargate  
  26  2:26  Probe  
  26  2:29  Warp Gate  
  27  2:35  Adept  
  29  2:38  Probe x2 (Chrono Boost)  
  31  2:47  Probe x2 (Chrono Boost)  
  33  2:52  Probe (Chrono Boost)  
  33  2:55  Probe  
  35  3:05  Probe  
  36  3:06  Phoenix (Chrono Boost)  
  36  3:07  Probe  
  36  3:11  Pylon  
  39  3:17  Probe  
  40  3:24  Probe  
  41  3:27  Oracle (Chrono Boost)  
  41  3:29  Probe  
  45  3:36  Probe  
  45  3:38  Gateway  
  45  3:41  Twilight Council, Probe  
  47  3:48  Probe  
  47  3:55  Gateway x2  
  48  3:58  Probe  
  48  4:01  Probe  
  48  4:02  Pylon  
  50  4:11  Probe  
  50  4:12  Resonating Glaives (Chrono Boost), Assimilator  
  50  4:13  Probe  
  52  4:19  Adept  
  54  4:33  Probe x2  
  56  4:42  Adept x2  
  56  4:44  Pylon  
  60  4:48  Robotics Facility  
  60  4:52  Pylon  
  60  4:53  Adept  
  62  5:04  Adept x3  
  68  5:08  Probe x2  
  68  5:11  Assimilator, Nexus  
  68  5:13  Pylon  
  70  5:14  Adept  
  72  5:25  Adept  
  72  5:26  Adept x2  
  78  5:33  Forge  
  76  5:36  Probe x2  
  76  5:38  Observer (Chrono Boost)  
  79  5:51  Immortal (Chrono Boost)  
  79  5:56  Probe  
  70  6:13  Probe  
  70  6:14  Probe  
  70  6:15  Protoss Ground Weapons Level 1 (Chrono Boost)  
  70  6:20  Sentry x3  
  70  6:24  Gateway x2, Blink  
  70  6:25  Gateway, Probe  
  77  6:26  Immortal (Chrono Boost), Probe x2  
  77  6:27  Gateway  
  83  6:38  Pylon  
  83  6:47  Sentry, Stalker  
  83  6:48  Shield Battery  
  83  7:01  Immortal (Chrono Boost)  
  83  7:05  Probe x2  
  83  7:06  Probe  
  86  7:08  Sentry  
  88  7:17  Assimilator, Probe x2  
  88  7:18  Probe  
  88  7:19  Assimilator  
  91  7:23  Pylon  
  91  7:25  Photon Cannon  
  91  7:27  Pylon  
  91  7:30  Probe, Warp Prism (Chrono Boost)  
  91  7:36  Probe x2  
  96  7:41  Stalker x2  
  96  7:42  Stalker x6  
  112  7:54  Shield Battery  
  112  7:59  Templar Archives  
  112  8:01  Probe  
  112  8:04  Pylon  
  113  8:21  Stalker x3  
  113  8:22  Stalker  
  113  8:24  Stalker x4  
  113  8:26  Protoss Ground Weapons Level 2 (Chrono Boost)  
  129  8:40  Immortal  
  129  8:41  Charge  
  133  8:42  Pylon  
  133  8:48  Nexus  
  133  8:57  Pylon  
  133  8:59  Pylon  
  133  9:02  Zealot x2  
  135  9:03  Adept x2  
  141  9:18  Gateway, Zealot  
  141  9:19  Gateway, Pylon, Zealot  
  137  9:26  Probe x2  
  137  9:27  Stalker x3  
  139  9:44  High Templar x4  
  139  9:45  Zealot  
  140  9:56  Archon x2  
  134  10:06  Psionic Storm  
  110  10:11  Probe  
  110  10:13  Zealot  
  111  10:22  Nexus  
  111  10:23  High Templar x2  
  115  10:28  Pylon  
  115  10:32  Zealot x5  
  125  10:36  Immortal (Chrono Boost)  
  125  10:37  Zealot  
  131  10:44  Pylon  
  131  10:52  Zealot x3  
  131  10:53  Zealot  
  131  10:55  High Templar  
  141  11:00  High Templar  
  141  11:01  Zealot x3  
  141  11:02  Zealot  
  150  11:07  Shield Battery  
  118  11:20  Zealot  
  118  11:21  Zealot x2  
  68  11:33  Sentry, High Templar x2  
  68  11:34  Sentry, Immortal (Chrono Boost), Zealot x3  
  68  11:39  Archon  
Tags
 
Add a new tag
Caveats
  • Supply blocks, unpowered buildings, or Contaminate may cause inaccurate times.
  • Supply counts are checked every 10 seconds.